 Dungeon Crawl Stone Soup version 0.29.1-12-g30fa7ad0bf (webtiles) character file.

Game seed: 2404176158202178091

23 safid the Shooter (level 2, -1/26 HPs)
             Began as a Minotaur Hunter on Dec 20, 2022.
             Slain by a gnoll
             ... wielding a +0 flail
              (11 damage)
             ... on level 2 of the Dungeon.
             The game lasted 00:02:54 (819 turns).

safid the Shooter (Minotaur Hunter)                  Turns: 819, Time: 00:02:55

Health: -1/26      AC:  3    Str: 15    XL:     2   Next: 75%
Magic:  1/1        EV: 12    Int:  6    God:
Gold:   37         SH:  0    Dex: 13    Spells: 1/1 levels left

rFire   . . .      SeeInvis .   a - +0 shortbow
rCold   . . .      Faith    .   (shield currently unavailable)
rNeg    . . .      Spirit   .   c - +0 leather armour
rPois   .          Reflect  .   (helmet restricted)
rElec   .          Harm     .   (no cloak)
rCorr   .          Rampage  .   (no gloves)
Will    .....                   (no boots)
Stlth   +.........              (no amulet)
HPRegen 0.08/turn               (no ring)
MPRegen 0.07/turn               (no ring)

@: no status effects
A: horns 2, retaliatory headbutt
a: no special abilities


You were on level 2 of the Dungeon.
You visited 1 branch of the dungeon, and saw 2 of its levels.

You collected 61 gold pieces.
You spent 24 gold pieces at shops.

Inventory:

Hand Weapons
 a - a +0 shortbow (weapon)
Armour
 c - a +0 leather armour (worn)
Scrolls
 b - 2 scrolls of immolation
 d - a scroll of enchant armour {unknown}
 f - 2 scrolls of identify
 g - a scroll of noise {unknown}
Potions
 e - a potion of mutation {unknown}


   Skills:
 + Level 3.0 Fighting
 + Level 4.6 Ranged Weapons
 + Level 2.5 Dodging
 + Level 1.3 Stealth


You had one spell level left.
You didn't know any spells.
Your spell library contained the following spells:

 Spells                   Type           Power      Damage    Failure   Level
 Animate Armour           Summ/Erth      0%         N/A       99%         4
 Blade Hands              Tmut           0%         N/A       100%        5
 Iron Shot                Conj/Erth      0%         9d1       100%        6


Dungeon Overview and Level Annotations

Branches:
Dungeon (2/15)

Altars:

Shops:
D:1 (=[=?


Innate Abilities, Weirdness & Mutations

You have a pair of horns on your head.
You reflexively headbutt those who attack you in melee.


Message History

You kill the jackal!
Your Fighting skill increases to level 3!
No target in view!
No target in view!
Done exploring.
Done exploring.
Done exploring.
Done exploring.
(D) Dungeon
Where to? (Enter - D:1 @ (x,y), ? - help)
There is a stone staircase leading down here.
You climb downwards.
Found a scroll labelled ODOADU SINNAXAPAE.
Found a stone staircase leading down.
There is a stone staircase leading up here.
There are monsters nearby!
You shoot an arrow. The arrow hits the gnoll.
The gnoll shouts!
The gnoll is lightly wounded.
The gnoll shouts!
The goblin shouts!
The gnoll shouts!
You hear a shout! x2
A hobgoblin comes into view.
An endoplasm comes into view.
You shoot an arrow. The arrow barely misses the gnoll. x2
You shoot an arrow. The arrow hits the gnoll.
The gnoll is heavily wounded.
The hobgoblin misses you. The gnoll hits you with a +0 flail.
You shoot an arrow. The arrow hits the gnoll.
The gnoll is severely wounded.
The gnoll hits you with a +0 flail! The goblin hits you but does no damage.
The hobgoblin misses you.
You are too injured to fight recklessly!
You are too injured to fight recklessly!
You are too injured to fight recklessly!
Unknown command.
Fire: a) +0 shortbow
Press: ? - help, Q - select action Shift-Dir - straight line, f/p - gnoll
Aim: a gnoll, wielding a +0 flail (severely wounded, 64% to hit)
You shoot an arrow. The arrow hits the gnoll.
The gnoll is severely wounded.
The gnoll hits you with a +0 flail!
You die...

### ###
.># #..
#.#.# #@#
#?ggg..#
#..gg..#
#...J....
#......###
........
.##...#..#
..
##.##..#


You could see 3 gnolls, an endoplasm, a hobgoblin and a goblin.

Vanquished Creatures
  2 bats (D:1)
  A giant cockroach (D:1)
  4 hobgoblins (D:1)
  5 jackals (D:1)
  2 ball pythons (D:1)
  2 frilled lizards (D:1)
  2 kobolds (D:1)
  3 rats (D:1)
21 creatures vanquished.

Notes
Turn   | Place    | Note
-------+----------+-------------------------------------------
     0 | D:1      | safid the Minotaur Hunter began the quest for the Orb.
     0 | D:1      | Reached XP level 1. HP: 18/18 MP: 0/0
    15 | D:1      | Found Ufovo's Magic Scroll Boutique.
   152 | D:1      | Reached skill level 1 in Stealth
   233 | D:1      | Reached XP level 2. HP: 25/25 MP: 1/1
   374 | D:1      | Found Fuobuk's Jewellery Shop.
   388 | D:1      | Found Lichu's Antique Armour Shop.
   503 | D:1      | Found Iruqin's Weapon Boutique.
   643 | D:1      | Found Ruekirov's Jewellery Boutique.
   673 | D:1      | Bought a scroll of identify for 24 gold pieces
   819 | D:2      | Slain by a gnoll

Illustrated notes

Levels and vault maps discovered:
D:1:      dpeg_arrival_tiny_h, layout_loops_ring, serial_shops,
          nicolae_shop_behind_doors, shop, shop, nicolae_square_shop,
          nicolae_shop_trees, nicolae_concentric_dashed_squares_mild
D:2:      layout_loops_ring, hellmonk_ecumenical_altar_leap_of_faith

Skill      XL: |  1  2 |
---------------+-------+-----
Stealth        | 1 |  1.3
Fighting       | 3 |  3.0
Ranged Weapons | |  4.6
Dodging        | |  2.5

Action                   || total
-------------------------++-------
 Fire: Shortbow          ||    62
Armor: Leather armour    ||     6
Dodge: Dodged            ||    16
